 Dungeon Crawl Stone Soup version 0.30.0-19-g36f170ea60 (webtiles) character file.

Game seed: 12855253495376460595

2984 booth the Cleaver (level 9, -18/57 (72) HPs)
             Began as a Gnoll Reaver on June 1, 2023.
             Was a Follower of Ashenzari.
             Killed from afar by a deep elf pyromancer (41 damage)
             ... with a bolt of fire
             ... on level 8 of the Dungeon.
             The game lasted 01:00:03 (7858 turns).

booth the Cleaver (Gnoll Reaver)                    Turns: 7858, Time: 01:00:04

HP:   -18/57 (72)   AC:  7    Str: 16    XL:     9   Next: 83%
MP:   19/20         EV: 14    Int: 13    God:    Ashenzari [*.....]
Gold: 338           SH:  5    Dex: 10    Spells: 4/23 levels left

rFire   . . .        a - +1 hand axe (flame)
rCold   . . .        (no shield)
rNeg    . . .        o - +2 robe "Shackled With Me" {Will+, Evo, Bglg} (curse)
rPois   .            g - +0 helmet
rElec   .            (no cloak)
rCorr   +            u - +1 pair of gloves
SInv    .            (no boots)
Will    ++...        k - amulet of reflection
Stlth   +++          f - ring of the Eternal Black Moon {Will+, Comp, Self} (curse)
HPRegen 0.29/turn    w - ring of resist corrosion
MPRegen 0.17/turn

%: reflection
@: heavily drained
A: fangs 1, strong nose, distributed training
a: Renounce Religion, Shatter the Chains


You were on level 8 of the Dungeon.
You worshipped Ashenzari.
Ashenzari was aware of your devotion.
You visited 2 branches of the dungeon, and saw 9 of its levels.

You collected 338 gold pieces.

Inventory:

Hand Weapons
 a - a +1 hand axe of flaming (weapon)
 i - a +2 vampiric whip
 r - a +0 heavy flail
 t - a +0 war axe
Missiles
 l - 8 poisoned darts (quivered)
 A - a curare-tipped dart
 C - a throwing net
 E - 2 javelins
Armour
 b - a +0 leather armour
 g - a +0 helmet (worn)
 o - the cursed +2 robe "Shackled With Me" (worn) {Will+, Evo, Bglg}
   (You found it on level 4 of the Dungeon)

   It has a curse which improves the following skills: Evocations: Evocations.
   Beguiling: Conjurations, Hexes and Translocations.
 u - a +1 pair of gloves (worn)
 z - a +2 kite shield
Jewellery
 f - the cursed ring of the Eternal Black Moon (left hand) {Will+, Comp, Self}
   (You found it on level 1 of the Dungeon)

   [ring of willpower]

   Will:      It increases your willpower.
   It has a curse which improves the following skills: Companions: Summonings
   and Necromancy.
   Introspection: Fighting and Spellcasting.
 j - the ring "Qyru" {Ice Str+3 Int+3 SInv}
   (You took it off an orc on level 8 of the Dungeon)

   [ring of ice]

   It enhances your ice magic.
   Str:       It affects your strength (+3).
   Int:       It affects your intelligence (+3).
   rF:        It makes you vulnerable to fire.
   rC:        It protects you from cold.
   SInv:      It lets you see invisible.
 k - an amulet of reflection (around neck)
 w - a ring of resist corrosion (right hand)
Wands
 y - a wand of paralysis (7)
Scrolls
 h - a scroll of fog
 m - 5 scrolls of teleportation
 p - a scroll of amnesia
 q - a scroll of magic mapping
 x - a scroll of identify
Potions
 c - a potion of haste
 d - a potion of might
 e - a potion of lignification
 n - 3 potions of flight
 s - a potion of berserk rage
 v - a potion of magic
 B - a potion of mutation
 D - a potion of attraction


   Skills:
 + Level 6.7(7.5) Fighting
 + Level 4.8 Short Blades
 + Level 4.8 Long Blades
 + Level 8.2 Axes
 + Level 4.8 Maces & Flails
 + Level 4.8 Polearms
 + Level 4.8 Staves
 + Level 4.8 Ranged Weapons
 + Level 4.8 Throwing
 + Level 4.8 Armour
 + Level 6.7 Dodging
 + Level 4.8 Stealth
 + Level 4.8 Shields
 + Level 4.8 Unarmed Combat
 + Level 7.0(7.8) Spellcasting
 + Level 6.8(7.6) Conjurations
 + Level 4.0(4.7) Hexes
 + Level 4.0(4.7) Summonings
 + Level 4.0(4.7) Necromancy
 + Level 4.0(4.7) Translocations
 + Level 4.0 Transmutations
 + Level 4.0 Fire Magic
 + Level 4.0 Ice Magic
 + Level 4.0 Air Magic
 + Level 4.0 Earth Magic
 + Level 4.0 Poison Magic
 + Level 5.3 Invocations
 + Level 4.8(5.5) Evocations


You had 4 spell levels left.
You knew the following spells:

 Your Spells              Type           Power      Damage    Failure   Level
a - Kiss of Death         Conj/Necr      84%        2d11      1%          1
b - Momentum Strike       Conj/Tloc      42%        3d9       1%          2
c - Hailstorm             Conj/Ice       20%        3d6       3%          3
d - Frozen Ramparts       Ice            30%        1d5       9%          3
e - Sandblast             Erth           30%        2d9       2%          1
f - Stone Arrow           Conj/Erth      40%        3d9       3%          3
g - Shock                 Conj/Air       80%        1d8       1%          1
h - Wereblood             Tmut           15%        N/A       4%          2
i - Tukima's Dance        Hex            17%        N/A       6%          3

Your spell library contained the following spells:

 Spells                   Type           Power      Damage    Failure   Level
 Beastly Appendage        Tmut           30%        N/A       2%          1
 Passwall                 Tmut/Erth      12%        N/A       4%          2
 Spider Form              Tmut/Pois      15%        N/A       9%          3
 Swiftness                Air            15%        N/A       9%          3
 Passage of Golubria      Tloc           17%        N/A       21%         4
 Summon Ice Beast         Ice/Summ       16%        N/A       24%         4
 Airstrike                Air            7%         2d(2-18)  26%         4
 Ice Form                 Ice/Tmut       15%        N/A       26%         4
 Yara's Violent Unravell  Hex/Tmut       8%         3d5       54%         5


Dungeon Overview and Level Annotations

Branches:
Dungeon (8/15)             Temple (1/1) D:5
   Lair: D:8-11

Altars:
Ashenzari
Cheibriados
Dithmenos
Elyvilon
Fedhas
Gozag
Hepliaklqana
Makhleb
Nemelex Xobeh
Okawaru
Qazlal
Ru
Sif Muna
Trog
Uskayaw
Vehumet
Xom
Yredelemnul
The Shining One

Shops:
D:4 (

Annotations:
D:7 2 transporters, Fractals's ghost, novice MiBe


Innate Abilities, Weirdness & Mutations

You have very sharp teeth.
Your uncanny sense of smell can sniff out nearby items.
Your experience applies equally to all skills.


Message History

You throw a poisoned dart.
The poisoned dart hits the deep elf pyromancer.
The deep elf pyromancer is poisoned.
The deep elf pyromancer is moderately wounded.
Throw: 11 darts (poison)
Press: ? - help, Q - select action, (/) - cycle Shift-Dir - straight line, f/p - deep elf pyromancer
Aim: a deep elf pyromancer, wielding a +0 dagger and wearing a +0 leather armour (moderately wounded, poisoned, lightly drained, 51% to hit)
You throw a poisoned dart.
The poisoned dart closely misses the deep elf pyromancer.
Throw: 10 darts (poison)
Press: ? - help, Q - select action, (/) - cycle Shift-Dir - straight line, f/p - deep elf pyromancer
Aim: a deep elf pyromancer, wielding a +0 dagger and wearing a +0 leather armour (moderately wounded, poisoned, lightly drained, 51% to hit)
You throw a poisoned dart.
The poisoned dart closely misses the deep elf pyromancer.
Throw: 9 darts (poison)
Press: ? - help, Q - select action, (/) - cycle Shift-Dir - straight line, f/p - deep elf pyromancer
Aim: a deep elf pyromancer, wielding a +0 dagger and wearing a +0 leather armour (heavily wounded, poisoned, lightly drained, 51% to hit)
You throw a poisoned dart.
The poisoned dart hits the deep elf pyromancer.
The deep elf pyromancer looks even sicker.
The deep elf pyromancer is heavily wounded.
You hit the deep elf pyromancer. You burn the deep elf pyromancer.
The deep elf pyromancer is heavily wounded.
The deep elf pyromancer hits you but does no damage.
You hit the deep elf pyromancer. You burn the deep elf pyromancer.
Your bite misses the deep elf pyromancer.
The deep elf pyromancer is severely wounded.
You hit the deep elf pyromancer but do no damage.
Your bite misses the deep elf pyromancer.
The deep elf pyromancer is severely wounded.
The deep elf pyromancer mumbles some strange words.
The deep elf pyromancer blinks!
You start resting.
A deep elf pyromancer is nearby!
The deep elf pyromancer barely misses you.
The deep elf pyromancer looks more healthy.
The deep elf pyromancer gestures at you while chanting.
The bolt of fire hits you!!!
Ouch! That really hurt!
You die...

##########≈.#......#
........##.###)#.#..#
.. #######...##
##..##.# ..#
####.###......# #<.#
##.#.##.##..........
##.###.##.##.#.#.#
### #.##.###....#
#.##........#
#@e†.(.(.(#
###########


You could see a deep elf pyromancer (drained).

Vanquished Creatures
  Sigmund (D:5)
  4 yaks (D:5)
  2 wyverns
  A water moccasin (D:6)
  An orc warrior (D:6)
  A sky beast (D:7)
  An ogre (D:5)
  A kobold brigand (D:6)
  A bullfrog (D:7)
  A phantom (D:4)
  4 scorpions
  A gnoll sergeant (D:8)
  4 wights (D:7)
  2 jellies
  2 hounds
  2 gnoll boudas
  3 sleepcaps
  Jessica (D:3)
  An iguana (D:7)
  5 orc wizards
  Natasha (D:3)
  11 gnolls
  13 adders
  2 shadow imps
  4 ufetubi
  3 worms
  5 dart slugs
  18 orcs
  8 ball pythons
  8 endoplasms
  2 giant cockroaches (D:1)
  5 hobgoblins
  5 jackals (D:2)
  7 quokkas
  3 bats
  7 frilled lizards
  6 goblins
  10 kobolds
  3 rats
160 creatures vanquished.

Vanquished Creatures (others)
  A dancing weapon (D:8)
1 creature vanquished.

Grand Total: 161 creatures vanquished

Notes
Turn   | Place    | Note
-------+----------+-------------------------------------------
     0 | D:1      | booth the Gnoll Reaver began the quest for the Orb.
     0 | D:1      | Reached XP level 1. HP: 20/20 MP: 6/6
   315 | D:1      | Reached XP level 2. HP: 26/26 MP: 7/7
   814 | D:1      | Reached skill level 5 in Spellcasting
   814 | D:1      | Reached XP level 3. HP: 22/31 MP: 7/9
   817 | D:1      | Learned a level 2 spell: Momentum Strike
   821 | D:1      | Learned a level 3 spell: Hailstorm
   825 | D:1      | Learned a level 3 spell: Frozen Ramparts
  1167 | D:2      | Reached skill level 1 in Invocations
  1257 | D:2      | Reached skill level 1 in Short Blades
  1257 | D:2      | Reached skill level 1 in Long Blades
  1257 | D:2      | Reached skill level 1 in Maces & Flails
  1257 | D:2      | Reached skill level 1 in Polearms
  1257 | D:2      | Reached skill level 1 in Staves
  1257 | D:2      | Reached skill level 1 in Ranged Weapons
  1257 | D:2      | Reached skill level 1 in Throwing
  1257 | D:2      | Reached skill level 1 in Armour
  1257 | D:2      | Reached skill level 1 in Stealth
  1257 | D:2      | Reached skill level 1 in Shields
  1257 | D:2      | Reached skill level 1 in Unarmed Combat
  1257 | D:2      | Reached skill level 1 in Evocations
  1630 | D:2      | Reached XP level 4. HP: 31/38 MP: 11/11
  2030 | D:3      | Learned a level 1 spell: Sandblast
  2091 | D:3      | Reached skill level 1 in Hexes
  2091 | D:3      | Reached skill level 1 in Summonings
  2091 | D:3      | Reached skill level 1 in Necromancy
  2091 | D:3      | Reached skill level 1 in Translocations
  2091 | D:3      | Reached skill level 1 in Transmutations
  2091 | D:3      | Reached skill level 1 in Fire Magic
  2091 | D:3      | Reached skill level 1 in Ice Magic
  2091 | D:3      | Reached skill level 1 in Air Magic
  2091 | D:3      | Reached skill level 1 in Earth Magic
  2091 | D:3      | Reached skill level 1 in Poison Magic
  2710 | D:3      | Noticed a water elemental
  2712 | D:3      | Found a stormy altar of Qazlal.
  2714 | D:3      | Noticed an earth elemental
  2715 | D:3      | Noticed a fire elemental
  2715 | D:3      | Noticed an air elemental
  2758 | D:3      | Noticed Natasha
  2830 | D:3      | Reached XP level 5. HP: 31/43 MP: 12/12
  2885 | D:3      | Killed Natasha
  3125 | D:3      | Noticed Jessica
  3183 | D:3      | Killed Jessica
  3331 | D:4      | Reached XP level 6. HP: 43/50 MP: 13/13
  3421 | D:4      | Learned a level 3 spell: Stone Arrow
  3497 | D:4      | Reached skill level 5 in Fighting
  3497 | D:4      | Reached skill level 5 in Dodging
  3656 | D:4      | Found Laaj's Antique Weapon Shoppe.
  3984 | D:4      | Learned a level 1 spell: Shock
  4127 | D:5      | Entered Level 5 of the Dungeon
  4147 | D:5      | Reached skill level 7 in Axes
  4147 | D:5      | Reached XP level 7. HP: 52/55 MP: 15/15
  4152 | D:5      | Noticed Sigmund
  4178 | D:5      | Killed Sigmund
  4294 | D:5      | Found a radiant altar of Vehumet.
  4554 | D:5      | Noticed a yak
  4554 | D:5      | Noticed a yak
  4557 | D:5      | Noticed a yak
  4581 | D:5      | Found a staircase to the Ecumenical Temple.
  4606 | Temple   | Entered the Ecumenical Temple
  4746 | Temple   | Became a worshipper of Ashenzari the Shackled
  4944 | D:5      | Reached XP level 8. HP: 63/63 MP: 16/16
  5073 | D:5      | Noticed a yak
  5084 | D:5      | Killed a yak
  5111 | D:5      | Killed a yak
  5118 | D:5      | Killed a yak
  5129 | D:5      | Killed a yak
  5915 | D:6      | Reached XP level 9. HP: 56/71 MP: 17/19
  6135 | D:6      | HP: 2/56 [orc wizard/puff of flame (13)]
  6702 | D:7      | Reached skill level 8 in Axes
  6946 | D:7      | Reached skill level 5 in Invocations
  7212 | D:7      | Noticed Fractals's ghost (novice MiBe)
  7223 | D:7      | Found a transporter.
  7240 | D:7      | Found a transporter.
  7290 | D:7      | Reached * piety under Ashenzari
  7371 | D:7      | Learned a level 2 spell: Wereblood
  7375 | D:7      | Learned a level 3 spell: Tukima's Dance
  7600 | D:8      | Identified the ring "Qyru" {Ice Str+3 Int+3 SInv}
  7802 | D:8      | Found a shimmering altar of Xom.
  7820 | D:8      | Noticed a deep elf pyromancer
  7858 | D:8      | Killed from afar by a deep elf pyromancer

Illustrated notes

Levels and vault maps discovered:
D:1:      matt_arrival_spirals, layout_basic
D:2:      layout_basic
D:3:      layout_loops_corners, nicolae_qazlal_style_of_elements, uniq_natasha,
          uniq_jessica
D:4:      minmay_angry_zag, layout_basic, serial_shops,
          nicolae_shop_just_a_little_nook
D:5:      layout_basic, mainiacjoe_overflow_boulevard,
          minmay_temple_entry_slanted, uniq_sigmund
D:6:      layout_rooms
D:7:      layout_basic, gammafunk_ghost_stat_death
D:8:      layout_loops_ring, xom_redecorated, mainiacjoe_overflow_catwalk,
          dpeg_lair_monsters, chequers_serial_rivers_micro_e, minivault_10
Temple:   eino_temple_rhombus

Skill      XL: |  1  2  3  4  5  6  7  8  9 |
---------------+----------------------------+-----
Spellcasting   | 5 6 7 |  7.0
Invocations    | 1 2 3 4 5 |  5.3
Short Blades   | 1 2 3 4 |  4.8
Long Blades    | 1 2 3 4 |  4.8
Maces & Flails | 1 2 3 4 |  4.8
Polearms       | 1 2 3 4 |  4.8
Staves         | 1 2 3 4 |  4.8
Ranged Weapons | 1 2 3 4 |  4.8
Throwing       | 1 2 3 4 |  4.8
Armour         | 1 2 3 4 |  4.8
Stealth        | 1 2 3 4 |  4.8
Shields        | 1 2 3 4 |  4.8
Unarmed Combat | 1 2 3 4 |  4.8
Evocations     | 1 2 3 4 |  4.8
Hexes          | 1 2 3 4 |  4.0
Summonings     | 1 2 3 4 |  4.0
Necromancy     | 1 2 3 4 |  4.0
Translocations | 1 2 3 4 |  4.0
Transmutations | 1 2 3 4 |  4.0
Fire Magic     | 1 2 3 4 |  4.0
Ice Magic      | 1 2 3 4 |  4.0
Air Magic      | 1 2 3 4 |  4.0
Earth Magic    | 1 2 3 4 |  4.0
Poison Magic   | 1 2 3 4 |  4.0
Fighting       | 5 6 |  6.7
Dodging        | 5 6 |  6.7
Axes           | 7 8 |  8.2
Conjurations   | 6 |  6.8

Action                     |  1- 3 |  4- 6 |  7- 9 || total
---------------------------+-------+-------+-------++-------
  Melee: Hand axe          |   125 |   254 |   327 ||   706
         Bite              |    17 |    22 |    39 ||    78
         Whip              |       |     5 |       ||     5
         Punch             |       |     4 |    18 ||    22
  Throw: Javelin           |       |       |     5 ||     5
         Dart              |       |       |    20 ||    20
         Throwing net      |       |       |     1 ||     1
   Cast: Kiss of Death     |       |     2 |     5 ||     7
         Shock             |       |     3 |     2 ||     5
         Momentum Strike   |       |     1 |     3 ||     4
         Sandblast         |       |       |     1 ||     1
         Hailstorm         |       |       |     4 ||     4
         Stone Arrow       |       |       |     2 ||     2
         Tukima's Dance    |       |       |     1 ||     1
 Invoke: Curse Item        |       |       |     2 ||     2
    Use: Scroll            |     4 |     7 |     6 ||    17
         Potion            |     1 |     4 |     6 ||    11
   Stab: Sleeping          |       |       |     3 ||     3
 Armour: Leather armour    |    30 |    38 |       ||    68
         Robe              |       |    10 |    56 ||    66
  Dodge: Dodged            |    84 |   125 |   150 ||   359
  Block: Other             |     1 |    58 |    71 ||   130
         Reflection        |       |       |     2 ||     2
